 Dungeon Crawl Stone Soup version 0.31-a0-1620-gcbf77bbcfc (webtiles) character file.

Game seed: 4728912305407761444

619 LeprechaunX the Changeling (level 7, 0/46 HPs)
             Began as an Octopode Shapeshifter on Jan 11, 2024.
             Slain by a sky beast (6 damage)
             ... on level 5 of the Dungeon.
             The game lasted 00:04:52 (4342 turns).

LeprechaunX the Changeling (Octopode Shapeshifter)  Turns: 4342, Time: 00:04:52

Health: 0/46       AC:  1    Str: 14    XL:     7   Next: 46%
Magic:  16/16      EV: 18    Int: 12    God:
Gold:   283        SH:  0    Dex: 13    Spells: 6/6 levels left

rFire   . .          .
                       - Unarmed
rCold   . . .        (no shield)
rNeg    . . .        (helmet currently unavailable)
rPois   .            g - amulet of magic regeneration
rElec   .            l - +5 ring of evasion
rCorr   +            o - ring of resist corrosion
SInv    .            w - ring of flight
Will    .....        v - ring of magical power
Stlth   ++           (no ring)
HPRegen 0.27/turn    (no ring)
MPRegen 0.55/turn    (no ring)
                     (no ring)

%: no passive effects
@: beast-form, flying
A: beast (slay +3), almost no armour, amphibious, 8 rings, camouflage 1,
gelatinous body 1, (nimble swimmer 1), tentacles
a: Begin Untransformation


You were on level 5 of the Dungeon.
You were a hulking beast.
You visited 1 branch of the dungeon, and saw 5 of its levels.

You collected 283 gold pieces.

Inventory:

Missiles
 i - 2 javelins
 q - 2 boomerangs (quivered)
Jewellery
 g - an amulet of magic regeneration (around mantle)
 l - a +5 ring of evasion (left tentacle)
 o - a ring of resist corrosion (right tentacle)
 v - a ring of magical power (on tentacle)
 w - a ring of flight (on tentacle)
Talismans
 b - a beast talisman
 c - a flux talisman
Wands
 r - a wand of quicksilver (9)
 u - a wand of paralysis (10)
 z - a wand of flame (17)
Scrolls
 e - 2 scrolls of summoning {unknown}
 h - 6 scrolls of identify {unknown}
 j - 2 scrolls of teleportation {unknown}
 m - 2 scrolls of poison {unknown}
 n - a scroll of noise {unknown}
 t - a scroll of fog {unknown}
 x - a scroll of vulnerability {unknown}
 y - a scroll of silence {unknown}
Potions
 a - 2 potions of lignification
 d - a potion of degeneration {unknown}
 f - 2 potions of enlightenment {unknown}
 k - a potion of invisibility {unknown}
 p - 3 potions of cancellation {unknown}
 s - a potion of attraction {unknown}
 A - a potion of ambrosia {unknown}
 B - 2 potions of haste {unknown}
 C - 2 potions of heal wounds {unknown}


   Skills:
 + Level 3.4 Fighting
 + Level 2.7 Throwing
 - Level 2.0 Dodging
 + Level 4.4 Unarmed Combat
 + Level 2.2 Evocations
 * Level 5.3 Shapeshifting


You had 6 spell levels left.
You didn't know any spells.
Your spell library contained the following spells:

 Spells                   Type           Power      Damage    Failure   Level
 Inner Flame              Hex/Fire       0%         N/A       69%         3
 Stone Arrow              Conj/Erth      0%         3d7       69%         3
 Flame Wave               Conj/Fire      0%         2d4       97%         4
 Sticky Flame             Fire/Alch      0%         2d4       97%         4
 Lehudib's Crystal Spear  Conj/Erth      0%         10d2      100%        8
 Animate Armour           Summ/Erth      Unusable   N/A       N/A         4

Dungeon Overview and Level Annotations

Branches:
Dungeon (5/15)
 Temple: D:4-7

Altars:
Kikubaaqudgha
Yredelemnul
Zin

Annotations:
D:3 3 runed translucent doors, Pickler's ghost, amateur DrIE


Innate Abilities, Weirdness & Mutations

You are a hulking beast.
Your limbs bulge with bestial killing power. (Slay +3)
You cannot wear most types of armour.
You are amphibious.
You can wear up to eight rings at the same time.
Your skin changes colour to match your surroundings (Stealth+).
Your rubbery body absorbs attacks. (AC +1, EV +1)
((You are camouflaged when in or above water. (Stealth+)))
You have tentacles for arms and can constrict up to eight enemies at once.


Message History

You kill the orc!
An orc comes into view. It is wielding a +0 club.
You see here a +0 dagger.
You see here a +0 club.
The orc shouts!
You closely miss the orc. You grab the orc.
You constrict the orc, but do no damage.
You tentacle-slap the orc. x2
You kill the orc!
HP restored.
A sky beast comes into view.
A sky beast is nearby!
A sky beast is nearby!
A sky beast is nearby!
You barely miss the sky beast. Your squeeze misses the sky beast.
The sky beast flickers out of sight!
Deactivating autopickup; reactivate with Ctrl-A.
Something hits you. Something shocks you.
No target in view!
No target in view!
No target in view!
You miss something.
A sky beast appears from thin air!
Reactivating autopickup.
The sky beast hits you. The sky beast shocks you.
You tentacle-slap the sky beast.
The sky beast is lightly wounded.
The sky beast barely misses you.
You barely miss the sky beast.
The sky beast is lightly wounded.
The sky beast flickers out of sight!
Deactivating autopickup; reactivate with Ctrl-A.
Something hits you. Something shocks you.
You miss something. Something hits you. Something shocks you.
* * * LOW HITPOINT WARNING * * *
You miss something. Something barely misses you.
You tentacle-slap something. Something barely misses you.
You tentacle-slap something. Something hits you.
* * * LOW HITPOINT WARNING * * *
Something shocks you.
You die...

######.....#####...).#
##...## #.$####
##.#######..#
#......)..$#
########)..#####
#.)#...... #)...#####
#.#.## #)#h# #.#{#
#.#.# #.#.# #.#.#
..#.# ###.# ..#


There were no monsters in sight!

Vanquished Creatures
  An ice beast (D:5)
  A bombardier beetle (D:4)
  A jelly (D:4)
  An orc priest (D:2)
  A gnoll bouda (D:5)
  A hound (D:4)
  A sleepcap (D:4)
  An iguana (D:4)
  Ijyb (D:3)
  An orc wizard (D:2)
  2 hound zombies (D:3)
  9 gnolls
  6 adders
  3 dart slugs
  12 orcs
  7 ball pythons
  10 endoplasms
  4 giant cockroaches
  5 goblins
  4 hobgoblins
  4 jackals (D:1)
  2 quokkas
  A ball python zombie (D:3)
  4 bats
  4 frilled lizards
  8 kobolds
  6 rats
101 creatures vanquished.

Notes
Turn   | Place    | Note
-------+----------+-------------------------------------------
     0 | D:1      | LeprechaunX the Octopode Shapeshifter began the quest for
                  | the Orb.
     0 | D:1      | Reached XP level 1. HP: 13/13 MP: 1/1
   201 | D:1      | Reached XP level 2. HP: 13/18 MP: 2/2
   394 | D:1      | Reached XP level 3. HP: 23/23 MP: 3/3
   726 | D:2      | Reached XP level 4. HP: 22/29 MP: 4/4
   731 | D:2      | Reached skill level 1 in Throwing
   731 | D:2      | Reached skill level 4 in Shapeshifting
  1197 | D:2      | Reached XP level 5. HP: 34/34 MP: 5/5
  1443 | D:3      | Noticed Ijyb
  1452 | D:3      | Killed Ijyb
  1708 | D:3      | Found a basalt altar of Yredelemnul.
  1839 | D:3      | Found a runed translucent gate.
  1851 | D:3      | Found a runed translucent gate.
  1856 | D:3      | Found a runed translucent gate.
  1857 | D:3      | Noticed a kobold brigand
  1858 | D:3      | Noticed Pickler's ghost (amateur DrIE)
  2696 | D:4      | Reached XP level 6. HP: 41/41 MP: 6/6
  2775 | D:4      | Reached skill level 1 in Evocations
  3178 | D:4      | Found an ancient bone altar of Kikubaaqudgha.
  3431 | D:4      | Reached skill level 5 in Shapeshifting
  3728 | D:5      | Entered Level 5 of the Dungeon
  3738 | D:5      | Noticed an ice beast
  3816 | D:5      | Killed an ice beast
  3817 | D:5      | Reached XP level 7. HP: 38/46 MP: 7/7
  4130 | D:5      | Found a glowing silver altar of Zin.
  4342 | D:5      | Slain by a sky beast

Illustrated notes

Levels and vault maps discovered:
D:1:      dpeg_arrival_oval, layout_basic
D:2:      layout_loops_ring, minmay_tiny_reverse_x
D:3:      layout_loops_corners, nicolae_yredelemnul_corpse_copse,
          gammafunk_ghost_nasty_kobolds, uniq_ijyb
D:4:      layout_basic, mainiacjoe_overflow_alcove_1, guppyfry_early_lair_pool
D:5:      layout_loops_ring, lemuel_doored_altar, kennysheep_potato

Skill      XL: |  1  2  3  4  5  6  7 |
---------------+----------------------+-----
Fighting       | 2 3 |  3.4
Throwing       | 1 2 |  2.7
Shapeshifting  | 4 5 |  5.3
Unarmed Combat | 4 |  4.4
Evocations     | 1 2 |  2.2
Dodging        | |  2.0

Action                     |  1- 3 |  4- 6 |  7- 9 || total
---------------------------+-------+-------+-------++-------
  Melee: Unarmed           |    64 |   113 |    54 ||   231
         Constrict         |    17 |    28 |     9 ||    54
         Tentacles         |     8 |    35 |     9 ||    52
         Punch             |     1 |     6 |     3 ||    10
  Throw: Boomerang         |       |     1 |       ||     1
  Evoke: Wand              |       |     1 |       ||     1
   Stab: Sleeping          |     8 |    11 |       ||    19
         Distracted        |       |     1 |     1 ||     2
 Armour: Skin              |    14 |    36 |    28 ||    78
  Dodge: Dodged            |    39 |    65 |    39 ||   143

Table legend: (Time is in decaauts)
 A = Elapsed time spent in this place.
 B = Non-inter-level travel time spent in this place.
 C = Inter-level travel time spent in this place.
 D = Time resting spent in this place.
 E = Time spent auto-exploring this place.
 F = Levels seen in this place.
 G = Mean time per level.
                   A        B        C        D        E       F      G
               +--------+--------+--------+--------+--------+-----+--------+
         Total |   4320 |   4157 |    163 |    200 |   3300 |   5 |  864.0 |
       Dungeon |   4320 |   4157 |    163 |    200 |   3300 |   5 |  864.0 |
               +--------+--------+--------+--------+--------+-----+--------+

Top non-repeatable levels by time:
     D:4: 1235 daAuts
     D:3: 1175 daAuts
     D:2: 723 daAuts
     D:1: 672 daAuts
     D:5: 514 daAuts
